 Dungeon Crawl Stone Soup version 0.24.1-4-ge52af88ad5 (webtiles) character file.

Game seed: 12875548991478640917, levelgen mode: deterministic

61770 Peloso the Peltast (level 14, -5/129 HPs)
             Began as a Minotaur Fighter on Apr 13, 2020.
             Was the Champion of Okawaru.
             Slain by Kirke (13 damage)
             ... on level 13 of the Dungeon.
             The game lasted 01:05:57 (24502 turns).

Peloso the Peltast (Minotaur Fighter)              Turns: 24502, Time: 01:05:58

Health: -5/129     AC:  0    Str: 25    XL:     14   Next: 61%
Magic:  13/14      EV: 16    Int:  5    God:    Okawaru [******]
Gold:   872        SH:  0    Dex: 11    Spells: 13/13 levels left

rFire    . . .     SeeInvis .   (weapon currently unavailable)
rCold    . . .     Gourm    .   (shield currently unavailable)
rNeg     . . .     Faith    .   (armour currently unavailable)
rPois    .         Spirit   .   (helmet currently unavailable)
rElec    .         Reflect  .   (cloak currently unavailable)
rCorr    .         Harm     .   (gloves currently unavailable)
MR       +....                  (boots currently unavailable)
Stlth    ++........             (no amulet)
HPRegen  0.31/turn              (ring currently unavailable)
MPRegen  0.14/turn              (ring currently unavailable)

@: pig-form, very quick
A: small, (retaliatory headbutt)
a: Heroism, Finesse, Renounce Religion


You were on level 13 of the Dungeon.
You worshipped Okawaru.
Okawaru was exalted by your worship.
You were near starving.
You were a filthy swine.
You visited 4 branches of the dungeon, and saw 21 of its levels.
You also visited: Sewer.

You collected 2003 gold pieces.
You spent 1131 gold pieces at shops.

Inventory:

Hand Weapons
 a - the +4 scimitar of Doom (melded) {elec, Dex+7 Stlth-}
   (Okawaru gifted it to you on level 11 of the Dungeon)

   Occasionally, upon striking a foe, it will discharge some electrical energy
   and cause terrible harm.
   It affects your dexterity (+7).
   It makes you less stealthy.
 b - a +2 war axe of flaming
Armour
 c - a +0 shield (melded)
 g - the +8 chain mail of the Evil One (melded) {+Inv}
   (You bought it in a shop on level 2 of the Orcish Mines)

   It lets you turn invisible.
 V - a +1 hat of intelligence (melded)
 W - the +1 pair of boots "Sesim" (melded) {rN+}
   (Okawaru gifted it to you on level 1 of the Lair of Beasts)

   It protects you from negative energy.
 Y - a scarf of spirit shield (melded)
Jewellery
 w - a ring of protection from cold (melded)
 J - an uncursed ring of see invisible
 K - the ring of Cutwen (melded) {rElec MR+}
   (You bought it in a shop on level 2 of the Orcish Mines)

   [ring of protection from magic]

   It insulates you from electricity.
   It affects your resistance to hostile enchantments.
 P - an uncursed ring of flight
 X - an uncursed ring of protection from fire
Scrolls
 e - 5 scrolls of teleportation
 k - 7 scrolls of remove curse
 m - 3 scrolls of fog {unknown}
 n - a scroll of blinking
 o - a scroll of noise
 r - 4 scrolls of fear
 x - 3 scrolls of magic mapping {unknown}
 y - a scroll of identify
Potions
 d - 2 potions of might
 h - 3 potions of flight
 j - 7 potions of agility
 s - 3 potions of haste
 t - 6 potions of curing
 u - 3 potions of heal wounds
 D - a potion of berserk rage
Comestibles
 f - 34 rations


   Skills:
 + Level 13.5 Fighting
 + Level 15.4 Long Blades
 + Level 2.5 Axes
 + Level 13.7 Armour
 + Level 5.2 Dodging
 + Level 2.4 Stealth
 + Level 16.5 Shields
 + Level 1.4 Invocations
 + Level 0.6 Evocations


You had 13 spell levels left.
You didn't know any spells.
Your spell library contained the following spells:

 Spells                   Type           Power        Failure   Level  Hunger
 Beastly Appendage        Tmut           #.....       47%         1    ##.....
 Summon Small Mammal      Summ           #...         47%         1    ##.....
 Call Imp                 Summ           #.......     63%         2    ###....
 Poisonous Vapours        Pois/Air       #.....       63%         2    ###....
 Sticks to Snakes         Tmut           #.......     63%         2    ###....
 Call Canine Familiar     Summ           #.......     85%         3    ####...
 Conjure Flame            Conj/Fire      #.......     85%         3    ####...
 Mephitic Cloud           Conj/Pois/Air  #.......     85%         3    ####...
 Spider Form              Tmut/Pois      #.........   85%         3    ####...
 Summon Guardian Golem    Hex/Summ       #.......     85%         3    ####...
 Ice Form                 Ice/Tmut       #.......     99%         4    #####..
 Summon Ice Beast         Ice/Summ       #.......     99%         4    #####..
 Summon Lightning Spire   Summ/Air       #.......     99%         4    #####..
 Alistair's Intoxication  Tmut/Pois      #.......     100%        5    ######.
 Blade Hands              Tmut           #.........   100%        5    ######.
 Irradiate                Conj/Tmut      #.........   100%        5    ######.
 Yara's Violent Unravell  Hex/Tmut       #.........   100%        5    ######.
 Freezing Cloud           Conj/Ice/Air   #.........   100%        6    #######
 Ring of Flames           Chrm/Fire      #.........   100%        7    #######


Dungeon Overview and Level Annotations

Branches:
Dungeon (13/15)            Temple (1/1) D:7            Lair (5/6) D:11
  Swamp (0/4) Lair:4       Spider (0/4) Lair:3          Orc (2/2) D:11
    Elf (0/3) Orc:2         Sewer (visited)
  Slime: Lair:5-6    Vaults: D:13-14

Altars:
Ashenzari
Fedhas
Gozag
Hepliaklqana
Kikubaaqudgha
Nemelex Xobeh
Okawaru
Qazlal
Trog
Uskayaw
Vehumet
Wu Jian
Xom
The Shining One
Beogh

Shops:
Orc:2 ==[(

Annotations:
D:12 exclusion: orange crystal statue
D:13 Kirke
Lair:3 3 runed translucent doors, exclusion: 3 oklob plants, Coquoze's ghost, journeyman GnSk; Dikli's ghost, journeyman MiBe; Voeh's ghost, journeyman MiBe; Zaebus's ghost, journeyman OpTm


Innate Abilities, Weirdness & Mutations

((You reflexively headbutt those who attack you in melee.))
((You have a pair of horns on your head.))


Message History

You bite Kirke!
Kirke is moderately wounded.
The hog misses you. The hog closely misses you. The slime creature hits you.
The hog barely misses you.
Unknown command.
You bite Kirke!
Kirke is heavily wounded.
The hog barely misses you. The hog bites you. x2; Kirke hits you!
The hog closely misses you. The slime creature misses you.
Unknown command.
You barely miss Kirke.
Kirke is heavily wounded.
The hog bites you!
* * * LOW HITPOINT WARNING * * *
The hog bites you!
* * * LOW HITPOINT WARNING * * *
The hog closely misses you. The hog bites you!
* * * LOW HITPOINT WARNING * * *
Kirke hits you!
You die...

..# ... #.#
#.# # ##.#.#
#..#.####
###.#h.@....#
#....Jhh..#
#.#..hh...#
###.###.# #.
# #. #. #. ..


You could see Kirke, a slime creature and 4 hogs.

Vanquished Creatures
  Gastronok (Lair:1)
  2 orc warlords
  2 stone giants
  An ettin (Orc:1)
  3 hydras
  2 centaur warriors
  A two-headed ogre (D:11)
  An orc high priest (Orc:2)
  4 death yaks (Lair:5)
  3 unseen horrors
  4 orc sorcerers
  3 deep elf magi (D:8)
  3 orc knights
  A cyclops (Orc:1)
  2 oklob plants
  An ugly thing (D:12)
  A manticore (D:9)
  3 black mambas
  6 elephants
  Psyche (D:9)
  7 spiny frogs
  A kobold demonologist (D:12)
  3 komodo dragons
  2 tengu conjurers
  A polar bear (Lair:3)
  A queen bee (D:11)
  A polar bear (shapeshifter) (D:12)
  6 trolls
  7 blink frogs
  7 hippogriffs
  A hornet (D:12)
  3 bog bodies (Lair:4)
  Sigmund (D:2)
  2 redbacks (Lair:3)
  4 wyverns
  A wraith (D:11)
  A human (D:7)
  3 basilisks
  5 hogs
  2 vampire mosquitoes (D:12)
  39 yaks
  2 hungry ghosts
  6 wargs
  A swamp worm (Lair:4)
  7 water moccasins
  An acid dragon (D:12)
  10 porcupines
  2 black bears
  48 orc warriors
  2 ice beasts
  2 phantoms
  4 sky beasts
  17 wolves
  16 centaurs
  10 ogres
  8 crocodiles
  23 bullfrogs
  A gnoll sergeant (D:12)
  2 big kobolds
  A wyvern skeleton (D:7)
  5 scorpions
  A water moccasin skeleton (D:7)
  2 vampire bats (D:8)
  27 killer bees
  A wight (D:11)
  A howler monkey (D:6)
  3 electric eels
  4 bullfrog zombies
  7 crimson imps
  5 hounds
  3 jellies
  4 centaur skeletons
  3 bullfrog skeletons
  22 orc priests
  A quasit (D:11)
  32 orc wizards
  6 iguanas
  10 hell rats (Lair:1)
  13 worker ants
  A killer bee zombie (D:7)
  A hound zombie (D:7)
  A howler monkey zombie (D:6)
  Robin (D:3)
  A worker ant zombie (D:5)
  19 adders
  10 river rats (Lair:1)
  11 gnolls
  2 shadow imps
  An ooze (D:5)
  An adder skeleton (D:7)
  5 worms
  4 dart slugs
  5 leopard geckos
  137 orcs
  6 ball pythons
  4 giant cockroaches
  15 goblins
  8 hobgoblins
  13 jackals
  23 kobolds
  11 quokkas
  A ball python skeleton (D:5)
  14 bats
  8 frilled lizards
  A leopard gecko skeleton (D:8)
  A quokka skeleton (D:5)
  23 rats
  A bush (Lair:2)
  2 fungi
  12 plants (Sewer)
799 creatures vanquished.

Vanquished Creatures (others)
  2 fungi
  12 plants
14 creatures vanquished.

Grand Total: 813 creatures vanquished

Notes
Turn   | Place    | Note
-------+----------+-------------------------------------------
     0 | D:1      | Peloso the Minotaur Fighter began the quest for the Orb.
     0 | D:1      | Reached XP level 1. HP: 19/19 MP: 0/0
   287 | D:1      | Reached XP level 2. HP: 27/27 MP: 1/1
   391 | D:1      | Reached skill level 4 in Shields
   790 | D:2      | Noticed Sigmund
   805 | D:2      | Killed Sigmund
   805 | D:2      | Reached XP level 3. HP: 10/34 MP: 2/2
   805 | D:2      | Reached XP level 4. HP: 13/41 MP: 3/3
   805 | D:2      | Reached XP level 5. HP: 14/47 MP: 4/4
  1041 | D:2      | Reached skill level 5 in Shields
  1107 | D:2      | Reached skill level 5 in Armour
  1420 | D:2      | Found an ornate altar of the Wu Jian Council.
  1511 | D:3      | Reached XP level 6. HP: 43/53 MP: 5/5
  1538 | D:3      | Noticed Robin
  1775 | D:3      | Killed Robin
  1857 | D:3      | Reached skill level 1 in Dodging
  2121 | D:3      | Reached skill level 6 in Shields
  2130 | D:3      | Found a faded altar of an unknown god.
  2335 | D:4      | Reached skill level 5 in Long Blades
  2396 | D:4      | Found a glowing drain.
  2400 | Sewer    | Entered a sewer
  3447 | Sewer    | Reached XP level 7. HP: 53/60 MP: 6/6
  3664 | D:4      | Reached skill level 5 in Fighting
  4408 | D:5      | Entered Level 5 of the Dungeon
  4436 | D:5      | Reached skill level 7 in Shields
  4485 | D:5      | Reached XP level 8. HP: 38/68 MP: 7/7
  4531 | D:5      | Reached skill level 1 in Stealth
  5173 | D:6      | Found a transporter.
  5181 | D:6      | Found a transporter.
  5252 | D:6      | Found a shimmering altar of Xom.
  6425 | D:7      | Found a staircase to the Ecumenical Temple.
  6451 | Temple   | Entered the Ecumenical Temple
  6457 | Temple   | Became a worshipper of Warmaster Okawaru
  6602 | D:7      | Reached skill level 8 in Shields
  6646 | D:7      | Reached XP level 9. HP: 38/78 MP: 8/8
  6667 | D:7      | Reached * piety under Okawaru
  6915 | D:7      | Found a shattered altar of Ashenzari.
  7082 | D:7      | Found a bloodstained altar of Trog.
  7669 | D:8      | Reached ** piety under Okawaru
  7762 | D:8      | Found an ancient bone altar of Kikubaaqudgha.
  7762 | D:8      | Noticed a deep elf mage
  7762 | D:8      | Noticed a deep elf mage
  7762 | D:8      | Noticed a deep elf mage
  7770 | D:8      | Killed a deep elf mage
  7770 | D:8      | Reached skill level 10 in Long Blades
  7770 | D:8      | Reached skill level 9 in Shields
  7777 | D:8      | Killed a deep elf mage
  7777 | D:8      | Reached XP level 10. HP: 24/88 MP: 7/9
  7788 | D:8      | Killed a deep elf mage
  8430 | D:8      | Reached *** piety under Okawaru
  9160 | D:9      | Noticed Psyche
  9173 | D:9      | Killed Psyche
  9378 | D:9      | Reached skill level 10 in Shields
  9534 | D:9      | Reached **** piety under Okawaru
  9833 | D:9      | Noticed a manticore
  9846 | D:9      | Reached XP level 11. HP: 82/97 MP: 7/10
  9860 | D:9      | Reached skill level 11 in Shields
 10214 | D:9      | Identified the Volume of Moulding
 10245 | D:9      | Found a hazy altar of Hepliaklqana.
 10273 | D:10     | Entered Level 10 of the Dungeon
 10335 | D:10     | Noticed an unseen horror
 10349 | D:10     | Killed an unseen horror
 10349 | D:10     | Reached skill level 10 in Armour
 11224 | D:11     | Noticed an unseen horror
 11237 | D:11     | Killed an unseen horror
 11237 | D:11     | Reached ***** piety under Okawaru
 11241 | D:11     | Found a staircase to the Orcish Mines.
 11535 | D:11     | Noticed a two-headed ogre
 11559 | D:11     | Killed a two-headed ogre
 11853 | D:11     | Noticed a four-headed hydra
 11855 | D:11     | Noticed an unseen horror
 11862 | D:11     | Killed a one-headed hydra
 11862 | D:11     | Reached skill level 12 in Shields
 11878 | D:11     | Killed an unseen horror
 11909 | D:11     | Found an opulent altar of Gozag.
 11924 | D:11     | Received a gift from Okawaru
 11992 | D:11     | Got a bloodstained scimitar {god gift}
 11993 | D:11     | Identified the +4 scimitar of Doom {elec, Dex+7 Stlth-}
                  | (Okawaru gifted it to you on level 11 of the Dungeon)
 12287 | D:11     | Reached XP level 12. HP: 65/106 MP: 11/11
 12407 | D:11     | Found a staircase to the Lair.
 12658 | D:11     | Reached ****** piety under Okawaru
 12725 | D:11     | Got a jewelled rapier
 12733 | D:11     | Identified the +6 rapier of Havat {vamp, rF- MR++ Dex+4}
                  | (You found it on level 11 of the Dungeon)
 12751 | D:11     | Received a gift from Okawaru
 13148 | D:12     | Reached skill level 13 in Shields
 13197 | D:12     | Reached skill level 10 in Fighting
 14199 | Lair:1   | Entered Level 1 of the Lair of Beasts
 14288 | Lair:1   | Noticed Gastronok
 14305 | Lair:1   | Killed Gastronok
 14897 | Lair:1   | Reached skill level 5 in Dodging
 14900 | Lair:1   | Reached XP level 13. HP: 108/116 MP: 12/12
 15192 | Lair:1   | Reached skill level 14 in Shields
 15212 | Lair:1   | Received a gift from Okawaru
 15231 | Lair:1   | Got a pair of crude boots {god gift}
 15250 | Lair:1   | Identified the +1 pair of boots "Sesim" {rN+} (Okawaru
                  | gifted it to you on level 1 of the Lair of Beasts)
 16882 | Lair:3   | You fall into a shaft and drop 2 floors!
 16910 | Lair:5   | Reached skill level 1 in Axes
 18120 | Lair:4   | Reached skill level 1 in Invocations
 18424 | Lair:4   | Received a gift from Okawaru
 18424 | Lair:4   | Reached skill level 15 in Shields
 18734 | Lair:4   | Found a staircase to the Swamp.
 18821 | Lair:3   | Found a runed translucent gate.
 18821 | Lair:3   | Found a runed translucent gate.
 18821 | Lair:3   | Found a runed translucent gate.
 18821 | Lair:3   | Noticed Coquoze's ghost (journeyman GnSk)
 18822 | Lair:3   | Noticed Coquoze's ghost (journeyman GnSk)
 18822 | Lair:3   | Noticed Voeh's ghost (journeyman MiBe)
 18822 | Lair:3   | Noticed Dikli's ghost (journeyman MiBe)
 18822 | Lair:3   | Noticed Zaebus's ghost (journeyman OpTm)
 18867 | Lair:3   | Found a hole to the Spider Nest.
 19983 | Orc:1    | Entered Level 1 of the Orcish Mines
 19992 | Orc:1    | Noticed a stone giant
 20008 | Orc:1    | Killed a stone giant
 20012 | Orc:1    | Noticed an ettin
 20258 | Orc:1    | Killed an ettin
 20258 | Orc:1    | Reached XP level 14. HP: 126/127 MP: 10/13
 20795 | Orc:1    | Noticed an orc warlord
 20820 | Orc:1    | Killed an orc warlord
 20820 | Orc:1    | Received a gift from Okawaru
 20833 | Orc:1    | Reached skill level 15 in Long Blades
 21142 | Orc:2    | Entered Level 2 of the Orcish Mines
 21212 | Orc:2    | Reached skill level 16 in Shields
 21933 | Orc:2    | Noticed an orc warlord
 22016 | Orc:2    | Killed an orc warlord
 22413 | Orc:2    | Found a roughly hewn altar of Beogh.
 22486 | Orc:2    | Found Yvoraoxt's Jewellery Boutique.
 22499 | Orc:2    | Bought the ring of Cutwen {rElec MR+} for 624 gold pieces
 22530 | Orc:2    | Found a roughly hewn altar of Beogh.
 22550 | Orc:2    | Found a staircase to the Elven Halls.
 22590 | Orc:2    | Noticed a stone giant
 22607 | Orc:2    | Killed a stone giant
 23815 | Orc:2    | Found a roughly hewn altar of Beogh.
 23888 | Orc:2    | Found Vetith's Antique Weapon Shop.
 23889 | Orc:2    | Found a roughly hewn altar of Beogh.
 23890 | Orc:2    | Found Ruepp's Antique Armour Boutique.
 23903 | Orc:2    | Bought a brightly glowing chain mail for 275 gold pieces
 23916 | Orc:2    | Identified the +8 chain mail of the Evil One {+Inv} (You
                  | bought it in a shop on level 2 of the Orcish Mines)
 23919 | Orc:2    | Bought a runed scarf for 232 gold pieces
 24009 | Orc:2    | Found a roughly hewn altar of Beogh.
 24046 | Orc:2    | Found a roughly hewn altar of Beogh.
 24164 | Orc:2    | Found a roughly hewn altar of Beogh.
 24175 | Orc:2    | Found Daulugoa's Jewellery Shop.
 24431 | D:13     | Noticed Kirke
 24502 | D:13     | Slain by Kirke

Levels and vault maps discovered:
D:1:      saegor_arrival_simple_c, layout_loops_corners
D:2:      layout_rooms, lemuel_coloured_pillars_altar, first_ration,
          uniq_sigmund
D:3:      layout_rooms, chequers_ecumenical_altar_twisty, uniq_robin
D:4:      layout_rooms, gup_sewer_entry_spiral
D:5:      layout_rooms, minivault_25
D:6:      gammafunk_steamed_eel, layout_loops_ring, basic_altar
D:7:      layout_loops_cross, nicolae_overflow_hidden_temple,
          nicolae_overflow_crystal_walls, minmay_temple_entry_glass,
          grunt_livestock
D:8:      layout_gridville, roderic_batcave, david_defended_altar_elf
D:9:      layout_gridville, kennysheep_mini, minmay_pinched_square, uniq_psyche
D:10:     layout_loops_corners
D:11:     regret_index_wax_grids, layout_loops_ring, lair_entry_dummy,
          david_orc_2, basic_altar
D:12:     layout_loops_corners, minivault_16, minivault_5, patterned_corridor
D:13:     layout_loops_corners, minivault_13, uniq_kirke, uniq_frances
Temple:   eino_narrow_crystal_temple
Lair:1:   lemuel_ratsnest, layout_loops_ring, grunt_megastairs_2, uniq_gastronok
Lair:2:   layout_roguey, minmay_lair_oklob_bushes, infiniplex_staircase_pool,
          grunt_megastairs_4, serial_bayou_shore_a
Lair:3:   layout_loops_ring, spider_nest_entry_webs, gammafunk_ghost_cemetery,
          small_statue_intersection, serial_bayou_lagoon_a,
          gammafunk_lair_bear_cave, minmay_lair_oklob_chamber
Lair:4:   layout_regular_city, nicolae_swamp_entry_splash_gauntlet,
          beast_lair_carwin_4
Lair:5:   layout_roguey
Orc:1:    layout_diamond_mine
Orc:2:    grunt_orc_community_town_hall, layout_caves,
          grunt_orc_community_big_house_1, grunt_orc_community_big_house_2,
          grunt_orc_community_house_1, grunt_orc_community_house_3,
          grunt_orc_community_house_3, grunt_orc_community_house_3,
          grunt_orc_community_house_2, nicolae_orc_pool_cavern

Skill      XL: |  1  2  3  4  5  6  7  8  9 10 11 12 13 14 |
---------------+-------------------------------------------+-----
Armour         | 4 5 6 7 8 9 10 11 13 | 13.7
Fighting       | 4 5 6 7 9 11 12 13 | 13.5
Shields        | 4 5 6 7 8 9 10 12 13 15 16 | 16.5
Long Blades    | 4 5 6 8 10 11 12 14 15 | 15.4
Dodging        | 1 2 3 4 5 |  5.2
Stealth        | 1 2 |  2.4
Axes           | 2 |  2.5
Invocations    | 1 |  1.4
Evocations     | |  0.6

Action                   |  1- 3 |  4- 6 |  7- 9 | 10-12 | 13-15 || total
-------------------------+-------+-------+-------+-------+-------++-------
Melee: Long sword        |    56 |   487 |   388 |   388 |       ||  1319
       Headbutt          |     5 |   107 |    86 |   226 |   234 ||   658
       Falchion          |       |       |       |   209 |       ||   209
       Scimitar          |       |       |       |   315 |   846 ||  1161
       War axe           |       |       |       |     6 |    16 ||    22
       Unarmed           |       |       |       |       |     4 ||     4
Invok: Heroism           |       |       |     1 |     6 |     5 ||    12
Evoke: Wand              |       |       |     5 |       |       ||     5
  Use: Potion            |     2 |     1 |     1 |     3 |     2 ||     9
       Scroll            |       |    10 |     4 |     2 |     8 ||    24
  Eat: Chunk             |       |    10 |    11 |    25 |    23 ||    69
       Ration            |       |       |     1 |       |     2 ||     3
Armor: Scale mail        |    36 |     1 |       |       |       ||    37
       Chain mail        |       |   154 |   157 |   130 |    28 ||   469
       Plate armour      |       |       |       |   162 |   236 ||   398
Dodge: Dodged            |    17 |    63 |   103 |   297 |   285 ||   765
Block: Shield            |    33 |   197 |   216 |   520 |   586 ||  1552
       Rpst.: Long sword |     4 |    18 |    27 |    24 |       ||    73
       Falchion          |       |       |       |    16 |       ||    16
       Scimitar          |       |       |       |    28 |    45 ||    73
